 Dungeon Crawl Stone Soup version 0.29-a0-648-g6b26cc9f40 (webtiles) character file.

Game seed: 16597174535782842158

68448 Mania the Severer (level 16, 0/139 HPs)
             Began as a Meteoran Berserker on June 20, 2022.
             Was a High Priest of Trog.
             Slain by a salamander
             ... wielding a +4 halberd of freezing
              (12 damage)
             ... on level 4 of the Snake Pit.
             The game lasted 00:34:22 (5548 turns).

Mania the Severer (Meteoran Berserker)              Turns: 5548, Time: 00:34:23

Health: 0/139      AC: 33    Str: 37    XL:     16   Next: 17%
Magic:  17/17      EV: 11    Int: 13    God:    Trog [*****.]
Gold:   431        SH: 15    Dex: 15    Spells: 15/15 levels left

rFire   . . .      SeeInvis .   N - +7 war axe of Cocytus {vorpal, Str+6 Int+4}
rCold   x . .      Faith    +   T - +0 tower shield
rNeg    . . .      Spirit   .   K - +10 plate armour of Paranoia {rElec rF- Regen+ Stlth+}
rPois   +          Reflect  .   G - +2 helmet "Texuf" {Str+5 Stlth+}
rElec   +          Harm     .   (no cloak)
rCorr   .          Rampage  .   c - +1 pair of gloves of Cocytus {+Blink rElec rPois Regen+}
Will    ++...                   x - +0 pair of boots
Stlth   ..........              n - amulet of faith
HPRegen 1.93/turn               h - ring of poison resistance
MPRegen 0.15/turn               e - ring of fire

@: lethally poisoned (0 -> 0), on berserk cooldown, slowed, glowing, very slow
A: sense surroundings 2, otherworldly, glowing, explore regen
a: Renounce Religion, Evoke Blink, Berserk, Trog's Hand, Brothers in Arms


You were on level 4 of the Snake Pit.
You worshipped Trog.
Trog was extremely pleased with you.
You visited 3 branches of the dungeon, and saw 17 of its levels.
You visited 1 bazaar.
You also visited: Ossuary and Bailey.

You collected 942 gold pieces.
You spent 511 gold pieces at shops.

Inventory:

Hand Weapons
 a - a +0 battleaxe of flaming
 b - a +0 antimagic executioner's axe
 N - the +7 war axe of Cocytus (weapon) {vorpal, Str+6 Int+4}
   (You bought it in a shop in a bazaar)

   It inflicts extra damage upon your enemies.
   Str:       It affects your strength (+6).
   Int:       It affects your intelligence (+4).
Missiles
 m - 14 poisoned darts
 q - 4 curare-tipped darts
 F - 21 boomerangs (quivered)
Armour
 c - the +1 pair of gloves of Cocytus (worn) {+Blink rElec rPois Regen+}
   (You acquired it on level 7 of the Dungeon)

   rElec:     It insulates you from electricity.
   rPois:     It protects you from poison.
   +Blink:    It lets you blink.
   Regen:     It increases your rate of health regeneration.
 g - a +0 scale mail
 j - a +0 plate armour
 x - a +0 pair of boots (worn)
 y - a +2 plate armour of cold resistance
 A - a +0 buckler
 D - a +0 animal skin
 G - the +2 helmet "Texuf" (worn) {Str+5 Stlth+}
   (You found it on level 8 of the Dungeon)

   Str:       It affects your strength (+5).
   Stlth:     It makes you more stealthy.
 K - the +10 plate armour of Paranoia (worn) {rElec rF- Regen+ Stlth+}
   (You found it on level 9 of the Dungeon)

   rF:        It makes you vulnerable to fire.
   rElec:     It insulates you from electricity.
   Regen:     It increases your rate of health regeneration.
   Stlth:     It makes you more stealthy.
 T - a +0 tower shield (worn)
Jewellery
 e - a ring of fire (right hand)
 h - a ring of poison resistance (left hand)
 n - an amulet of faith (around neck)
 O - a ring of ice
 S - a +4 ring of evasion
Wands
 u - a wand of iceblast (3)
 H - a wand of mindburst (10)
 Q - a wand of acid (5)
 R - a wand of polymorph (4)
Scrolls
 f - 3 scrolls of fog
 i - 4 scrolls of enchant armour
 k - 2 scrolls of vulnerability
 l - 3 scrolls of fear
 r - 2 scrolls of blinking
 s - 5 scrolls of teleportation
 L - 3 scrolls of identify
 U - a scroll of noise {unknown}
Potions
 d - a potion of attraction
 o - 3 potions of mutation
 p - 4 potions of curing
 t - 2 potions of brilliance
 v - 3 potions of invisibility
 w - a potion of resistance {unknown}
 z - a potion of might
 B - a potion of haste
 C - a potion of lignification
 E - 4 potions of magic {unknown}
 I - 4 potions of heal wounds
 J - a potion of ambrosia
 P - 2 potions of flight
Miscellaneous
 M - a tin of tremorstones (2/2)


   Skills:
 + Level 11.7 Fighting
 * Level 17.2 Axes
 + Level 11.3 Throwing
 + Level 12.4 Armour
 + Level 12.3 Dodging
 * Level 7.8 Shields
 + Level 10.3 Evocations


You had 15 spell levels left.
You didn't know any spells.
Your spell library was empty.

Dungeon Overview and Level Annotations

Branches:
Dungeon (10/15) Zot: 2821  Temple (0/1) D:7            Lair (3/6) D:9 Zot: 871
 Shoals (0/4) Lair:3        Snake (4/4) Lair:2 Zot: 1214 Ossuary (visited)
 Bailey (visited)
    Orc: D:9-12

Altars:
Ashenzari
Cheibriados
Gozag
Hepliaklqana
Nemelex Xobeh
Uskayaw
Xom
Beogh

Shops:
D:1 *   D:6 ?   Snake:1 *

Annotations:
Snake:4 Vashnia


Innate Abilities, Weirdness & Mutations

You passively map the area around you.
You are easily found by Zot.
You glow in the dark.
You regain HP and MP as you explore.


Message History

Your troll claws Vashnia but does no damage.
Your troll misses Vashnia.
Your troll closely misses Vashnia.
Your troll misses Vashnia. x2
Vashnia shoots a bolt.
The bolt hits your troll!!!
Your troll dies!
Your troll's corpse disappears in a puff of smoke!
Vashnia spits poison at you.
The splash of poison hits you but does no damage.
You are poisoned.
You resist.
The salamander hits you from afar with a +4 halberd of freezing.
You are engulfed in flames!
The salamander freezes you.
Vashnia shoots a bolt.
You block the bolt.
The salamander hits you from afar with a +4 halberd of freezing!
You are engulfed in flames!
The salamander freezes you.
Vashnia shoots a bolt.
The bolt barely misses you.
Items here: ))) [[[ †.
You slice Vashnia!!
Vashnia is heavily wounded.
You feel very sick.
Vashnia shoots a bolt.
The bolt hits you!!
* * * LOW HITPOINT WARNING * * *
x2 You block the salamander's attack.
Vashnia spits poison at you.
The splash of poison hits you but does no damage.
You resist.
Okay, then.
Aiming: Corrosive Bolt
Press: ? - help, Shift-Dir - straight line, f/p - salamander
Aim: a salamander, wielding a +4 halberd of freezing (heavily wounded, 85% to hit)
The bolt of acid hits Vashnia.
The acid corrodes Vashnia!
Vashnia is heavily wounded.
The bolt of acid hits the salamander!
The acid corrodes the salamander!
The salamander is severely wounded.
You feel sick.
Vashnia shoots a bolt.
The bolt hits you!
* * * LOW HITPOINT WARNING * * *
x2 The salamander hits you from afar with a +4 halberd of freezing.
* * * LOW HITPOINT WARNING * * *
You are engulfed in flames!
You die...

.#######++##....).####...#
* ,,, .......
###+#'###...#####. *
.......
#.#.....#.........* *,
........
+......##....#####* **
..###....##......#....# *
###.#....#....#..#....# ,
* ....#....#....#..#....#
,, ....#....###'#######..#
, , ,
....#...........@NN)..# ,
,,,
...###..........##))### '
** .....#.........##))..##
, ,, , ,
.....#........##.)†)).# ,,
, .....#.......##...##)..#
, ,
.##..'......##..$####...#
######.....##...## , #...#
, , ####......##...# ,
*#...# ,, .#.#.....##...N
, ,, *N$..#


You could see Vashnia (fast, catching breath, corroded) and a salamander
(corroded).

Vanquished Creatures
  Mlioglotl (Snake:3)
  The ghost of Gavad the Stormcaller, an adept TeTm of Makhleb (Snake:3)
  Louise (Snake:3)
  An orc warlord (Bailey)
  The ghost of gabibbone the Ogre Mage, a journeyman OgAE of Ashenzari (Lair:1)
  Fannar (Lair:1)
  2 salamander tyrants (Snake:4)
  7 anacondas
  2 two-headed ogres
  5 shock serpents
  5 naga sharpshooters
  Sonja (D:10)
  The ghost of Protee the Grappler, a novice DrTm of Uskayaw (D:8)
  4 salamander mystics
  6 naga ritualists
  A sea snake (Snake:1)
  An orc knight (Bailey)
  Pikel (D:8)
  3 mana vipers (Snake:2)
  15 salamanders
  19 black mambas
  5 cane toads
  8 naga magi
  A burning bush (Lair:3)
  4 blink frogs (Lair:2)
  A snapping turtle (Lair:3)
  25 yaks
  A vampire (D:9)
  2 steam dragons
  2 vampire mosquitoes (D:10)
  Menkaure (D:7)
  29 nagas
  An acid dragon (D:9)
  15 water moccasins
  4 orc warriors
  2 black bears
  2 ice beasts
  2 sky beasts (D:7)
  2 centaurs
  3 wolves (Lair:3)
  2 phantoms
  2 lemures (D:8)
  A kobold brigand (D:6)
  5 scorpions
  11 bullfrogs
  A gnoll sergeant (D:9)
  15 wights
  4 killer bees (D:9)
  5 howler monkeys
  3 electric eels
  A jelly (D:4)
  6 orc priests
  6 hounds
  3 iguanas
  8 orc wizards
  8 mummies (Ossuary)
  5 adders
  11 gnolls
  A white imp (D:7)
  2 ufetubi
  A dart slug (D:5)
  28 orcs
  2 endoplasms (D:4)
  5 giant cockroaches
  5 goblins
  9 hobgoblins
  2 ball pythons
  2 frilled lizards
  2 gnoll zombies (Ossuary)
  A hobgoblin zombie (Ossuary)
  15 kobolds
  3 kobold zombies (Ossuary)
  2 orc zombies (Ossuary)
  A rat (D:3)
  A bush (Lair:3)
  A butterfly (D:8)
369 creatures vanquished.

Vanquished Creatures (collateral kills)
  Frances (Snake:1)
  A nagaraja (Snake:4)
  An anaconda (Snake:4)
  A salamander mystic (Snake:4)
  A naga mage (Snake:3)
  3 nagas
  2 wights (D:8)
  3 orcs (D:7)
13 creatures vanquished.

Vanquished Creatures (others)
  A two-headed ogre (D:9)
  41 fungi
  46 plants
88 creatures vanquished.

Grand Total: 470 creatures vanquished

Notes
Turn   | Place    | Note
-------+----------+-------------------------------------------
     0 | D:1      | Mania the Meteoran Berserker began the quest for the Orb.
     0 | D:1      | Reached XP level 1. HP: 19/19 MP: 2/2
     1 | D:1      | Found Sohyst's Assorted Antiques.
   118 | D:2      | Reached XP level 2. HP: 26/26 MP: 3/3
   119 | D:2      | Reached skill level 4 in Axes
   213 | D:2      | Reached XP level 3. HP: 31/31 MP: 4/4
   382 | D:4      | Reached XP level 4. HP: 29/40 MP: 5/5
   457 | D:4      | Reached XP level 5. HP: 13/46 MP: 6/6
   515 | D:4      | Reached skill level 5 in Axes
   537 | D:4      | Reached XP level 6. HP: 20/52 MP: 7/7
   805 | D:5      | Entered Level 5 of the Dungeon
   846 | D:4      | Reached skill level 6 in Axes
   848 | D:4      | Reached XP level 7. HP: 60/60 MP: 8/8
   994 | D:5      | Reached ** piety under Trog
  1042 | D:5      | Reached skill level 5 in Fighting
  1042 | D:5      | Reached XP level 8. HP: 35/68 MP: 9/9
  1050 | D:5      | Found a snail-covered altar of Cheibriados.
  1054 | D:5      | Reached skill level 7 in Axes
  1187 | D:6      | Reached skill level 5 in Armour
  1187 | D:6      | Reached skill level 5 in Dodging
  1217 | D:6      | Found a broken altar of Ashenzari.
  1231 | D:6      | Found a hide-covered altar of Uskayaw.
  1244 | D:6      | Noticed a steam dragon
  1255 | D:6      | Killed a steam dragon
  1256 | D:6      | Reached skill level 1 in Throwing
  1309 | D:6      | Found Wyor's Magic Scroll Shoppe.
  1367 | D:6      | Bought a scroll of blinking for 75 gold pieces
  1367 | D:6      | Bought a scroll of teleportation for 30 gold pieces
  1461 | D:6      | Reached skill level 8 in Axes
  1472 | D:6      | Reached *** piety under Trog
  1503 | D:6      | Gained mutation: You passively map the area around you.
                  | [Meteoran growth]
  1503 | D:6      | Reached XP level 9. HP: 57/75 MP: 10/10
  1652 | D:7      | Reached skill level 9 in Axes
  1673 | D:8      | Found a shimmering altar of Xom.
  1747 | D:8      | Found a sparkling altar of Nemelex Xobeh.
  1766 | D:7      | Noticed Menkaure
  1772 | D:7      | Killed Menkaure
  1803 | D:8      | Found a hazy altar of Hepliaklqana.
  1833 | D:8      | Noticed Pikel
  1839 | D:8      | Killed Pikel
  1840 | D:8      | Reached skill level 1 in Shields
  1840 | D:8      | Reached XP level 10. HP: 84/84 MP: 11/11
  1841 | D:8      | Found a sand-covered staircase.
  1847 | Ossuary  | Entered an ossuary
  1890 | Ossuary  | Reached **** piety under Trog
  2064 | D:7      | Found a staircase to the Ecumenical Temple.
  2110 | D:8      | Noticed a two-headed ogre
  2117 | D:8      | Killed a two-headed ogre
  2118 | D:8      | Reached skill level 10 in Axes
  2118 | D:8      | Reached skill level 1 in Evocations
  2155 | D:8      | Reached skill level 5 in Throwing
  2197 | D:8      | Identified the +8 quarterstaff "Naocwu Qaown" {holy, rPois
                  | Int-5 SInv}
  2211 | D:8      | Found a runed translucent gate.
  2211 | D:8      | Identified the +6 chain mail of the Northern Lights {rN+
                  | Slay+3}
  2212 | D:8      | Noticed Protee's ghost (novice DrTm)
  2212 | D:8      | Found a runed translucent gate.
  2213 | D:8      | Found a runed translucent gate.
  2242 | D:8      | HP: 4/86 [orc warrior/+0 battleaxe (9)]
  2245 | D:8      | Killed Protee's ghost
  2278 | D:8      | Identified the +2 helmet "Texuf" {Str+5 Stlth+}
  2389 | D:8      | Reached skill level 11 in Axes
  2389 | D:8      | Reached XP level 11. HP: 37/92 MP: 12/12
  2526 | D:7      | Identified a scroll of acquirement
  2526 | D:7      | Acquired the +1 pair of gloves of Cocytus {+Blink rElec
                  | rPois Regen+}
  2676 | D:9      | Noticed a two-headed ogre
  2681 | D:9      | Killed a two-headed ogre
  2721 | D:9      | Noticed a two-headed ogre
  2731 | D:9      | Killed a two-headed ogre
  2744 | D:9      | Reached skill level 12 in Axes
  2765 | D:9      | Found an opulent altar of Gozag.
  2823 | D:9      | Reached ***** piety under Trog
  2856 | D:9      | Found a staircase to the Lair.
  2893 | D:9      | Identified the +10 plate armour of Paranoia {rElec rF-
                  | Regen+ Stlth+}
  3000 | D:10     | Entered Level 10 of the Dungeon
  3030 | D:10     | Noticed Sonja
  3031 | D:10     | Paralysed by Sonja for 2 turns
  3037 | D:10     | Paralysed by Sonja for 5 turns
  3051 | D:10     | Killed Sonja
  3052 | D:10     | Reached skill level 5 in Evocations
  3052 | D:10     | Reached XP level 12. HP: 103/103 MP: 13/13
  3067 | D:10     | Found a flagged portal.
  3086 | Bailey   | Entered a bailey
  3091 | Bailey   | Noticed an orc warlord
  3126 | Bailey   | Noticed an orc knight
  3138 | Bailey   | Killed an orc knight
  3152 | Bailey   | Found a runed translucent gate.
  3154 | Bailey   | Found a runed translucent gate.
  3156 | Bailey   | Found a runed translucent gate.
  3162 | Bailey   | Identified the ring of Ewutz {Str+2 Int-2 Slay+2 SInv}
  3245 | Bailey   | Killed an orc warlord
  3268 | Bailey   | Reached skill level 13 in Axes
  3268 | Bailey   | Reached XP level 13. HP: 111/111 MP: 14/14
  3349 | Lair:1   | Entered Level 1 of the Lair of Beasts
  3369 | Lair:1   | Found a large runed translucent door.
  3369 | Lair:1   | Found a large runed translucent door.
  3377 | Lair:1   | Noticed gabibbone's ghost (journeyman OgAE)
  3389 | Lair:1   | Killed gabibbone's ghost
  3389 | Lair:1   | Received a gift from Trog
  3390 | Lair:1   | Reached skill level 10 in Armour
  3478 | Lair:1   | Acquired a +0 antimagic executioner's axe
  3584 | Lair:1   | Noticed Fannar
  3596 | Lair:1   | Killed Fannar
  3597 | Lair:1   | Reached skill level 10 in Dodging
  3619 | Lair:1   | Reached skill level 14 in Axes
  3904 | Lair:2   | Found a staircase to the Snake Pit.
  3995 | Lair:3   | Reached skill level 10 in Fighting
  4138 | Lair:3   | Received a gift from Trog
  4139 | Lair:3   | Reached XP level 14. HP: 121/121 MP: 15/15
  4181 | Lair:3   | Found a staircase to the Shoals.
  4258 | Snake:1  | Entered Level 1 of the Snake Pit
  4278 | Snake:1  | Noticed Frances
  4294 | Snake:1  | Killed Frances
  4295 | Snake:1  | Reached skill level 15 in Axes
  4391 | Snake:1  | Found a flickering gateway to a bazaar.
  4428 | Bazaar   | Entered a bazaar
  4433 | Bazaar   | Found Zojo's Jewellery Boutique.
  4451 | Bazaar   | Found Ommo's Antique Armour Shoppe.
  4468 | Bazaar   | Found Utitaaxi's Book Boutique.
  4490 | Bazaar   | Found Xinotouc's Antique Weapon Emporium.
  4509 | Bazaar   | Bought a bone war axe for 212 gold pieces
  4509 | Bazaar   | Identified the +7 war axe of Cocytus {vorpal, Str+6 Int+4}
                  | (You bought it in a shop in a bazaar)
  4600 | Snake:1  | Found Errurir's General Store.
  4608 | Snake:1  | Bought a potion of heal wounds for 75 gold pieces
  4608 | Snake:1  | Bought 5 stones for 7 gold pieces
  4608 | Snake:1  | Bought a scroll of blinking for 112 gold pieces
  4690 | Snake:2  | Reached skill level 10 in Throwing
  4922 | Snake:2  | Reached skill level 16 in Axes
  4955 | Snake:2  | Reached skill level 5 in Shields
  4955 | Snake:2  | Reached XP level 15. HP: 120/128 MP: 16/16
  5060 | Snake:3  | Noticed Mlioglotl
  5067 | Snake:3  | Killed Mlioglotl
  5078 | Snake:3  | Found a runed translucent gate.
  5078 | Snake:3  | Found a runed translucent gate.
  5079 | Snake:3  | Found a runed translucent gate.
  5080 | Snake:3  | Noticed Gavad's ghost (adept TeTm)
  5087 | Snake:3  | Noticed Louise
  5098 | Snake:3  | Killed Louise
  5160 | Snake:3  | Killed Gavad's ghost
  5199 | Snake:4  | Entered Level 4 of the Snake Pit
  5448 | Snake:4  | Reached skill level 10 in Evocations
  5470 | Snake:4  | Noticed a nagaraja
  5488 | Snake:4  | Killed a nagaraja
  5495 | Snake:4  | Reached skill level 17 in Axes
  5495 | Snake:4  | Reached XP level 16. HP: 72/138 MP: 17/17
  5526 | Snake:4  | Received a gift from Trog
  5527 | Snake:4  | Noticed Vashnia
  5548 | Snake:4  | Slain by a salamander

Illustrated notes

Levels and vault maps discovered:
D:1:      minmay_arrival_split_and_join, layout_loops_ring, serial_shops,
          nicolae_diamond_shop, hellmonk_ecumenical_altar_arch_garden
D:2:      layout_basic, hangedman_decor_points, minmay_misc_feat_square
D:3:      layout_loops_ring, kennysheep_vampire_church
D:4:      kb_forest_paths, layout_basic, grunt_ministairs_8,
          kennysheep_generic_room_7
D:5:      layout_basic, old_standard_altar
D:6:      layout_rooms, mainiacjoe_overflow_big_doors, serial_shops,
          nicolae_square_shop, uniq_crazy_yiuf_cottage
D:7:      wander_river, layout_basic, grunt_dithmenos_shadows, temple_pool_b,
          uniq_menkaure
D:8:      layout_basic, xom_butterflies, mainiacjoe_overflow_large_starburst,
          biasface_ghost_orc_armoury, enter_ossuary_3, uniq_pikel
D:9:      layout_cave_pools, nicolae_gozag_seed_capital,
          due_lair_maze_entry_diamond, minmay_between
D:10:     layout_roguey, grunt_qazlal_clouds, enter_bailey_4, uniq_joseph,
          uniq_sonja
Lair:1:   layout_cave_pods, ebering_ghost_disaster_area, serial_bayou_shore_a,
          infiniplex_staircase_pool, uniq_fannar
Lair:2:   layout_cave_pods, guppyfry_snake_entry_garden,
          chequers_serial_rivers_small_b, st_stairs_9
Lair:3:   minmay_lair_venomous_thicket, layout_cave_pods,
          minmay_shoals_entry_hut, evilmike_ambush [evilmike_ambush_outer_doors,
          evilmike_ambush_inner_basic], grunt_megastairs_3
Snake:1:  layout_grid_shapes, serial_shops, bzr_entry_lakeside, shop,
          serial_bayou_shore_b, uniq_frances
Snake:2:  layout_honeycomb, grunt_ministairs_6, st_stairs_14
Snake:3:  layout_misc_corridors, ebering_ghost_rock_garden, lemuel_fruit_tree,
          uniq_louise, uniq_mlioglotl
Snake:4:  johnstein_snake_rune_scales, layout_cave_town,
          nicolae_snake_naga_rites

Skill      XL: |  1  2  3  4  5  6  7  8  9 10 11 12 13 14 15 |
---------------+----------------------------------------------+-----
Axes           | 4 5 6 8 9 11 12 13 14 16 17 | 17.2
Dodging        | 3 4 5 6 7 8 9 10 11 12 | 12.3
Armour         | 3 4 5 6 7 8 9 10 11 12 | 12.4
Fighting       | 4 5 6 7 8 9 10 11 | 11.7
Throwing       | 2 4 5 7 8 9 10 11 | 11.3
Shields        | 1 3 5 7 |  7.8
Evocations     | 3 5 6 8 9 10 | 10.3

Action                   |  1- 3 |  4- 6 |  7- 9 | 10-12 | 13-15 | 16-18 || total
-------------------------+-------+-------+-------+-------+-------+-------++-------
Melee: Hand axe          |    34 |    81 |   186 |       |       |       ||   301
       Punch             |       |     1 |     3 |       |       |       ||     4
       War axe           |       |       |    80 |    68 |   298 |    26 ||   472
       Battleaxe         |       |       |       |   230 |   225 |       ||   455
       Executioner's axe |       |       |       |       |    28 |       ||    28
Throw: Boomerang         |       |       |       |     1 |       |       ||     1
Invok: Berserk           |     2 |     4 |     8 |     8 |    11 |     1 ||    34
       Brothers in Arms  |       |       |       |     1 |     3 |     1 ||     5
       Trog's Hand       |       |       |       |       |     3 |       ||     3
Evoke: Wand              |       |       |       |     3 |       |     2 ||     5
  Use: Potion            |       |     1 |     1 |     1 |     4 |     2 ||     9
       Scroll            |       |       |     5 |    12 |     7 |       ||    24
 Stab: Distracted        |       |       |       |       |     1 |       ||     1
Armor: Animal skin       |     6 |       |       |       |       |       ||     6
       Scale mail        |     9 |       |       |       |       |       ||     9
       Plate armour      |       |    52 |   189 |   272 |   375 |    18 ||   906
Dodge: Dodged            |    18 |    35 |   110 |   200 |   277 |     7 ||   647
Block: Buckler           |       |       |     2 |    19 |    45 |       ||    66
       Tower shield      |       |       |       |       |    78 |    26 ||   104

Table legend: (Time is in decaauts)
 A = Elapsed time spent in this place.
 B = Non-inter-level travel time spent in this place.
 C = Inter-level travel time spent in this place.
 D = Time resting spent in this place.
 E = Time spent auto-exploring this place.
 F = Levels seen in this place.
 G = Mean time per level.
                   A        B        C        D        E       F      G
               +--------+--------+--------+--------+--------+-----+--------+
         Total |   5814 |   5647 |    167 |      0 |      0 |  20 |  290.7 |
       Dungeon |   3178 |   3071 |    107 |      0 |      0 |  10 |  317.8 |
          Lair |    928 |    869 |     59 |      0 |      0 |   3 |  309.3 |
     Snake Pit |   1184 |   1184 |      0 |      0 |      0 |   4 |  296.0 |
        Bazaar |    120 |    120 |      0 |      0 |      0 |   1 |  120.0 |
       Ossuary |    185 |    185 |      0 |      0 |      0 |   1 |  185.0 |
        Bailey |    218 |    218 |      0 |      0 |      0 |   1 |  218.0 |
               +--------+--------+--------+--------+--------+-----+--------+

Top non-repeatable levels by time:
     D:4: 580 daAuts
     D:8: 577 daAuts
     D:7: 432 daAuts
     D:9: 427 daAuts
  Lair:1: 370 daAuts
     D:6: 353 daAuts
 Snake:2: 345 daAuts
     D:5: 328 daAuts
 Snake:4: 315 daAuts
  Lair:2: 295 daAuts
 Snake:1: 280 daAuts
  Lair:3: 262 daAuts
 Snake:3: 241 daAuts
  Bailey: 218 daAuts
 Ossuary: 185 daAuts
